 Dungeon Crawl Stone Soup version 0.18.1-47-g9310371 (webtiles) character file.

44 Legadrian the Ruffian (level 3, 0/29 HPs)
             Began as a Centaur Gladiator on June 22, 2016.
             Succumbed to an adder's poison
             ... on level 2 of the Dungeon.
             The game lasted 00:09:18 (639 turns).

Legadrian the Ruffian (Centaur Gladiator)            Turns: 639, Time: 00:09:19

Health: 0/29       AC:  9    Str: 15 (18) XL:     3   Next: 39%
Magic:  1/3        EV:  4    Int:  5 (7)  God:
Gold:   80         SH:  0    Dex:  7 (9)  Spells: 0 memorised, 2 levels left

rFire  + . .     SeeInvis .       - Unarmed
rCold  x . .     Gourm    .     l - +0 chain mail
rNeg   . . .     Faith    .     (no shield)
rPois  .         Spirit   +     b - +0 helmet
rElec  .         Dismiss  .     g - +0 cloak
rCorr  .         Reflect  .     (no gloves)
SustAt .         Harm     .     (no barding)
MR     .....                    h - amulet of guardian spirit
Stlth  ..........               (no ring)
                                i - ring of fire

@: lethally poisoned (0 -> -3), very quick, not resistant to hostile
enchantments, extremely unstealthy
A: hooves 3, deformed body, speed 2, tough skin 3
a: no special abilities


You were on level 2 of the Dungeon.
You were not hungry.

You visited 1 branch of the dungeon, and saw 2 of its levels.

You collected 80 gold pieces.

Inventory:

Missiles
 c - a throwing net
 e - 52 stones (quivered)
Armour
 a - a +0 leather armour
 b - a +0 helmet (worn)
 g - a +0 cloak (worn)
 j - a +0 ring mail
 l - a +0 chain mail (worn)
 m - a +1 pair of boots
Jewellery
 h - an amulet of guardian spirit (around neck)
 i - a ring of fire (left hand)
Comestibles
 d - a bread ration
 f - 7 chunks of flesh
 k - a beef jerky


   Skills:
 - Level 2.0 Fighting
 - Level 2.1 Throwing
 - Level 2.1 Dodging
 + Level 0.2 Stealth
 + Level 4.4 Unarmed Combat


You had 2 spell levels left.
You didn't know any spells.

Dungeon Overview and Level Annotations

Branches:
Dungeon (2/15)

Altars:


Innate Abilities, Weirdness & Mutations

You have hooves in place of feet.
Armour fits poorly on your strangely shaped body.
You cover ground very quickly.
You have extremely tough skin (AC +3).


Message History

The adder bites you but does no damage.
You miss the adder.
The adder is almost dead.
You feel sick. The adder bites you but does no damage.
You hit the adder.
You kill the adder!
You barely miss the adder. Your kick misses the adder.
You feel sick. The adder barely misses you.
You hit the adder but do no damage. Your kick misses the adder.
The adder barely misses you.
You barely miss the adder. Your kick misses the adder. The adder bites you.
* * * LOW HITPOINT WARNING * * *
It was a potion of degeneration.
There was something very wrong with that liquid.
You feel weakened.
You feel dopey.
You feel clumsy.
* * * LOW HITPOINT WARNING * * *
You feel sick. The adder bites you.
* * * LOW HITPOINT WARNING * * *
The adder bites you but does no damage.
You die...

#... .# #.....# #.... .#
...#.#####.... .#
..#......... .# #.#.......#
.# ## #.#.......# .# ..
#.........#########.#
..##.........'..@.S.gw.#
...#..>......#########(.....S
#..#.#######.# ....... #..#.#
#.# ....... #.)#.#######.#
....... #.)..........#
....... ..)#.#########
....... #<.#.# .....gS #.##.#


You could see a worm, an adder and a hobgoblin.

Vanquished Creatures
  2 adders (D:2)
  A worm (D:2)
  A dart slug (D:1)
  5 bats (D:1)
  A giant cockroach (D:1)
  5 goblins
  3 kobolds
  3 rats (D:1)
21 creatures vanquished.

Notes
Turn   | Place    | Note
--------------------------------------------------------------
     0 | D:1      | Legadrian the Centaur Gladiator began the quest for the Orb.
     0 | D:1      | Reached XP level 1. HP: 17/17 MP: 1/1
   320 | D:1      | Reached XP level 2. HP: 23/24 MP: 2/2
   599 | D:2      | Reached skill level 4 in Unarmed Combat
   615 | D:2      | Reached XP level 3. HP: 25/29 MP: 3/3
   635 | D:2      | HP: 1/29 [adder (2)]
   639 | D:2      | Succumbed to an adder's poison

Skill      XL: |  1  2 |
---------------+-------+-----
Unarmed Combat | 4 |  4.4
Fighting       | |  2.0
Throwing       | |  2.1
Dodging        | |  2.1
Stealth        | |  0.2

Action                   || total
-------------------------++-------
Melee: Unarmed           ||    81
       Kick              ||    17
Throw: Throwing net      ||     5
       Stone             ||     1
  Use: Potion            ||     2
 Stab: Held in net/web   ||     1
Armor: Leather armour    ||    16
       Chain mail        ||    26
Dodge: Dodged            ||    18
